 Dungeon Crawl Stone Soup version 0.30-a0-879-ga8ba668304 (webtiles) character file.

Game seed: 10518377873300802292

22 kenny the Conjurer (level 2, -7/15 HPs)
             Began as a Deep Elf Conjurer on Mar 12, 2023.
             Mangled by Terence
             ... wielding a +0 mace of pain
              (10 damage)
             ... on level 2 of the Dungeon.
             The game lasted 00:02:22 (1340 turns).

kenny the Conjurer (Deep Elf Conjurer)              Turns: 1340, Time: 00:02:23

Health: -7/15      AC:  2    Str:  4    XL:     2   Next: 68%
Magic:  3/8        EV: 12    Int: 22    God:
Gold:   86         SH:  0    Dex: 13    Spells: 4/7 levels left

rFire   . . .      SeeInvis .    g - +0 dagger
rCold   . . .      Faith    .    (no shield)
rNeg    . . .      Spirit   .    a - +0 robe
rPois   .          Reflect  .    (no helmet)
rElec   .          Rampage  .    (no cloak)
rCorr   .                        (no gloves)
Will    .....                    (no boots)
Stlth   ++                       (no amulet)
HPRegen 0.22/turn                (no ring)
MPRegen 0.11/turn                (no ring)

@: no status effects
A: no striking features
a: no special abilities


You were on level 2 of the Dungeon.
You visited 1 branch of the dungeon, and saw 2 of its levels.

You collected 86 gold pieces.

Inventory:

Hand Weapons
 g - a +0 dagger (weapon)
Armour
 a - a +0 robe (worn)
Scrolls
 c - 3 scrolls of identify {unknown}
 f - 2 scrolls of teleportation {unknown}
Potions
 d - a potion of heal wounds {unknown}
 e - a potion of mutation {unknown}


   Skills:
 + Level 2.5 Dodging
 + Level 2.8 Stealth
 + Level 3.2 Spellcasting
 + Level 5.0 Conjurations


You had 4 spell levels left.
You knew the following spells:

 Your Spells              Type           Power      Damage    Failure   Level
a - Magic Dart            Conj           100%       1d8       1%          1
b - Searing Ray           Conj           50%        2d6       2%          2

Your spell library contained the following spells:

 Spells                   Type           Power      Damage    Failure   Level
 Dazzling Flash           Conj/Hex       28%        N/A       13%         3
 Fulminant Prism          Conj/Hex       7%         3d6       41%         4
 Iskenderun's Mystic Bla  Conj/Tloc      14%        2d5       41%         4


Dungeon Overview and Level Annotations

Branches:
Dungeon (2/15)

Altars:

Annotations:
D:1 1 transporter
D:2 Terence


Message History

Aim: Terence, wielding a +0 mace of pain and wearing a +0 chain mail (lightly wounded, 85% to hit)
The searing ray hits Terence.
Terence is moderately wounded. (Press . to maintain the ray.)
The searing ray hits Terence but does no damage.
Terence is moderately wounded.
The searing ray hits Terence.
Terence is heavily wounded.
The searing ray hits Terence.
Terence is heavily wounded.
You finish channelling your searing ray.
Terence barely misses you. Magic courses through your body. Terence misses you.
Casting: Searing Ray (safe; 2% risk of failure)
Confirm with . or Enter, or press ? or * to list all spells.
Aiming: Searing Ray (safe; 2% risk of failure)
Press: ? - help, Shift-Dir - straight line, f/p - Terence
Aim: Terence, wielding a +0 mace of pain and wearing a +0 chain mail (heavily wounded, 85% to hit)
The searing ray hits Terence.
Terence is heavily wounded. (Press . to maintain the ray.) Terence hits you with a +0 mace of pain.
You writhe in agony.
The searing ray hits Terence but does no damage.
Terence is heavily wounded.
Terence says, "How do you enjoy it?"
Terence hits you with a +0 mace of pain.
* * * LOW HITPOINT WARNING * * *
You writhe in agony.
* * * LOW HITPOINT WARNING * * *
The searing ray hits Terence.
Terence is severely wounded.
Terence bares his teeth.
Terence closely misses you.
The searing ray hits Terence.
Terence is almost dead.
You finish channelling your searing ray.
Terence hits you with a +0 mace of pain!
Ouch! That really hurt!
You die...

#.########.##.####
........##+##
#######.@...# ##....#
#....# #########....#
............#
############...........#
#......<....@@.........#
##.#########...........#
#............
#............#
.............# ......).#
......... ..........


You could see Terence.

Vanquished Creatures
  2 ball pythons (D:1)
  3 giant cockroaches (D:1)
  5 goblins (D:1)
  A hobgoblin (D:2)
  3 bats (D:1)
  2 frilled lizards (D:1)
  3 kobolds
  A rat (D:1)
20 creatures vanquished.

Notes
Turn   | Place    | Note
-------+----------+-------------------------------------------
     0 | D:1      | kenny the Deep Elf Conjurer began the quest for the Orb.
     0 | D:1      | Reached XP level 1. HP: 10/10 MP: 6/6
   414 | D:1      | Reached XP level 2. HP: 15/15 MP: 6/8
  1213 | D:2      | Reached skill level 5 in Conjurations
  1240 | D:2      | Noticed Terence
  1255 | D:1      | Learned a level 2 spell: Searing Ray
  1340 | D:2      | Mangled by Terence

Illustrated notes

Levels and vault maps discovered:
D:1:      spicycebolla_arrival_risky_transporter, layout_basic,
          minmay_misc_feat_five
D:2:      layout_basic, basic_altar, uniq_terence

Skill      XL: |  1  2 |
---------------+-------+-----
Conjurations   | 5 |  5.0
Dodging        | |  2.5
Stealth        | |  2.8
Spellcasting   | |  3.2

Action                     || total
---------------------------++-------
   Cast: Magic Dart        ||    40
         Searing Ray       ||     2
    Use: Potion            ||     1
 Armour: Robe              ||     1
  Dodge: Dodged            ||     5

Table legend: (Time is in decaauts)
 A = Elapsed time spent in this place.
 B = Non-inter-level travel time spent in this place.
 C = Inter-level travel time spent in this place.
 D = Time resting spent in this place.
 E = Time spent auto-exploring this place.
 F = Levels seen in this place.
 G = Mean time per level.
                   A        B        C        D        E       F      G
               +--------+--------+--------+--------+--------+-----+--------+
         Total |   1339 |   1238 |    101 |      0 |   1132 |   2 |  669.5 |
       Dungeon |   1339 |   1238 |    101 |      0 |   1132 |   2 |  669.5 |
               +--------+--------+--------+--------+--------+-----+--------+

Top non-repeatable levels by time:
     D:1: 1268 daAuts
     D:2: 71 daAuts
